 Dungeon Crawl Stone Soup version 0.26-a0-652-gafc20e3620 (webtiles) character file.

Game seed: 17311801705279003750

49 ringo67 the Insei (level 3, -5/23 HPs)
             Began as an Octopode Transmuter on Oct 3, 2020.
             Slain by Sigmund
             ... wielding a +0 scythe
              (12 damage)
             ... on level 2 of the Dungeon.
             The game lasted 00:03:44 (2085 turns).

ringo67 the Insei (Octopode Transmuter)             Turns: 2085, Time: 00:03:44

Health: -5/23      AC:  1    Str: 10    XL:     3   Next: 75%
Magic:  6/6        EV: 13    Int: 15    God:
Gold:   48         SH:  0    Dex: 12    Spells: 5/6 levels left

rFire    . . .     SeeInvis .     - Unarmed
rCold    . . .     Faith    .   d - +0 buckler
rNeg     . . .     Spirit   .   (helmet restricted)
rPois    +         Reflect  .   (no amulet)
rElec    .         Harm     .   j - ring of poison resistance
rCorr    .         Rampage  .   (no ring)
MR       .....                  (no ring)
Stlth    ++........             (no ring)
HPRegen  0.07/turn              (no ring)
MPRegen  0.10/turn              (no ring)
                                (no ring)
                                (no ring)

@: confused
A: almost no armour, stealthy swim, amphibious, 8 rings, constrict 8, camouflage
1, gelatinous body 1
a: no special abilities


You were on level 2 of the Dungeon.
You visited 1 branch of the dungeon, and saw 2 of its levels.

You collected 48 gold pieces.

Inventory:

Armour
 d - a +0 buckler (worn)
Jewellery
 j - a ring of poison resistance (left tentacle)
Scrolls
 a - a scroll of noise {unknown}
 c - a scroll of fear {unknown}
 e - a scroll of enchant weapon {unknown}
 g - a scroll of magic mapping {unknown}
 i - a scroll of random uselessness {unknown}
Potions
 f - 2 potions of curing {unknown}
 h - a potion of might {unknown}


   Skills:
 - Level 1.0 Fighting
 - Level 2.0 Dodging
 - Level 1.2 Shields
 + Level 3.6 Unarmed Combat
 - Level 2.0 Spellcasting
 + Level 2.9 Transmutations


You had 5 spell levels left.
You knew the following spells:

 Your Spells              Type           Power        Failure   Level
a - Beastly Appendage     Tmut           ##....       10%         1

Your spell library contained the following spells:

 Spells                   Type           Power        Failure   Level
 Wereblood                Tmut           ##......     14%         2
 Spider Form              Tmut/Pois      #.........   45%         3
 Ice Form                 Ice/Tmut       #.......     86%         4
 Blade Hands              Tmut           ##........   95%         5


Dungeon Overview and Level Annotations

Branches:
Dungeon (2/15)

Altars:

Annotations:
D:2 Sigmund


Innate Abilities, Weirdness & Mutations

You cannot wear most types of armour.
You are very stealthy in the water. (Stealth+)
You are amphibious.
You can wear up to eight rings at the same time.
You can use your tentacles to constrict eight enemies at once.
Your skin changes colour to match your surroundings (Stealth+).
Your rubbery body absorbs attacks. (AC +1, EV +1)


Message History

A puff of flame appears from out of thin air!
The puff of flame hits you!
* * * LOW HITPOINT WARNING * * *
Something barely misses you.
Your transformation is almost over.
A goblin comes into view.
You see here a poisoned dart.
Things that are here:
3 poisoned darts; 2 stones; a rat skeleton You see here a stone.
You barely miss the goblin. You grab the goblin. You squeeze the goblin.
You kill the goblin!
You hear some strange, mumbled words.
You are confused.
You see here a quokka skeleton.
You bump into the rock wall.
Your tentacle spike disappears.
You bump into the rock wall.
Something hits you!
Ouch! That really hurt!
You die...

####.)#....# #
#.#.#.######## #..
...#(........
#...#.#(########
#..))(# #...#.#.# #..
...#.# # # #.#.#.#
...######..#@#####
........####.#...#
............)#.#.##+##.
.......####..÷.........
##..... #...<†.......
#..... #....).......
#..... #...........#
####+# #......######
####..(#


There were no monsters in sight!

Vanquished Creatures
  A worm (D:2)
  4 dart slugs (D:1)
  A leopard gecko (D:2)
  A ball python (D:1)
  5 bats
  A giant cockroach (D:1)
  4 goblins
  2 hobgoblins (D:1)
  2 jackals (D:1)
  7 kobolds
  A quokka (D:2)
  A frilled lizard (D:2)
  7 rats
37 creatures vanquished.

Notes
Turn   | Place    | Note
-------+----------+-------------------------------------------
     0 | D:1      | ringo67 the Octopode Transmuter began the quest for the
                  | Orb.
     0 | D:1      | Reached XP level 1. HP: 13/13 MP: 3/3
     2 | D:1      | Noticed a halfling
     2 | D:1      | Noticed a human
     4 | D:1      | Noticed a vine stalker
     4 | D:1      | Noticed a centaur
     6 | D:1      | Noticed a demonspawn
     6 | D:1      | Noticed a dwarf
     8 | D:1      | Noticed a vampire
    10 | D:1      | Noticed a draconian
    12 | D:1      | Noticed an ogre
    12 | D:1      | Noticed a formicid
    14 | D:1      | Noticed a minotaur
    14 | D:1      | Noticed a ghoul
    17 | D:1      | Noticed a tengu
    17 | D:1      | Noticed a demigod
    19 | D:1      | Noticed an elf
    19 | D:1      | Noticed a gargoyle
    21 | D:1      | Noticed a troll
    21 | D:1      | Noticed a felid
    23 | D:1      | Noticed an octopode
    23 | D:1      | Noticed a naga
    25 | D:1      | Noticed a merfolk
    27 | D:1      | Noticed a spriggan
   360 | D:1      | Reached XP level 2. HP: 12/18 MP: 5/5
   708 | D:1      | Reached skill level 1 in Shields
   901 | D:1      | Reached XP level 3. HP: 23/23 MP: 6/6
  1615 | D:2      | Noticed Sigmund
  2085 | D:2      | Slain by Sigmund

Illustrated notes

Levels and vault maps discovered:
D:1:      kb_arrival_jail, layout_loops_ring, minmay_misc_feat_plants,
          minmay_tree_intersection
D:2:      minmay_spotlight, layout_basic, marbit_many_paths, uniq_sigmund,
          uniq_robin

Skill      XL: |  1  2 |
---------------+-------+-----
Shields        | 1 |  1.2
Fighting       | |  1.0
Dodging        | |  2.0
Unarmed Combat | |  3.6
Spellcasting   | |  2.0
Transmutations | |  2.9

Action                   || total
-------------------------++-------
Melee: Unarmed           ||    79
       Constrict         ||    27
       Tentacles         ||    12
       Kick              ||     4
Throw: Dart              ||     4
 Cast: Beastly Appendage ||     3
 Stab: Sleeping          ||     5
Armor: Skin              ||     4
Dodge: Dodged            ||    39
Block: Buckler           ||     5

Table legend: (Time is in decaauts)
 A = Elapsed time spent in this place.
 B = Non-inter-level travel time spent in this place.
 C = Inter-level travel time spent in this place.
 D = Time resting spent in this place.
 E = Time spent auto-exploring this place.
 F = Levels seen in this place.
 G = Mean time per level.
                   A        B        C        D        E       F      G
               +--------+--------+--------+--------+--------+-----+--------+
         Total |   2081 |   1988 |     93 |    782 |    932 |   2 | 1040.5 |
       Dungeon |   2081 |   1988 |     93 |    782 |    932 |   2 | 1040.5 |
               +--------+--------+--------+--------+--------+-----+--------+

Top non-repeatable levels by time:
     D:1: 1632 daAuts
     D:2: 449 daAuts
